 Dungeon Crawl Stone Soup version 0.30-a0-177-g1cb5dbfd7a (webtiles) character file.

Game seed: 7032495936510831479

37 Sobieck the Sneak (level 3, -2/21 HPs)
             Began as a Kobold Brigand on Oct 2, 2022.
             Killed from afar by Terence (23 damage)
             ... with a bolt of light
             ... on level 2 of the Dungeon.
             The game lasted 00:02:02 (1140 turns).

Sobieck the Sneak (Kobold Brigand)                  Turns: 1140, Time: 00:02:03

Health: -2/21      AC:  4    Str:  8    XL:     3   Next: 62%
Magic:  3/3        EV: 15    Int: 12    God:
Gold:   79         SH:  0    Dex: 18    Spells: 2/2 levels left

rFire   + . .      SeeInvis .    a - +2 dagger {short}
rCold   . . .      Faith    .    (no shield)
rNeg    . . .      Spirit   .    b - +0 robe
rPois   .          Reflect  .    (no helmet)
rElec   .          Harm     .    c - +0 cloak
rCorr   .          Rampage  .    (no gloves)
Will    .....                    h - +0 pair of boots
Stlth   ++++......               (no amulet)
HPRegen 0.23/turn                j - ring of protection from fire
MPRegen 0.08/turn                (no ring)

@: no status effects
A: small, no large weapons, nightstalker 3
a: no special abilities


You were on level 2 of the Dungeon.
You visited 1 branch of the dungeon, and saw 3 of its levels.

You collected 79 gold pieces.


Innate Abilities, Weirdness & Mutations

You are small and have problems with some larger weapons.
You are completely attuned to the shadows.


   Skills:
 - Level 2.1 Fighting
 + Level 3.6 Short Blades
 - Level 2.1 Throwing
 + Level 2.4 Dodging
 + Level 5.9 Stealth


You had 2 spell levels left.
You didn't know any spells.
Your spell library contained the following spells:

 Spells                   Type           Power      Damage    Failure   Level
 Gell's Gravitas          Tloc           0%         N/A       69%         3
 Teleport Other           Tloc           0%         N/A       69%         3
 Dispersal                Tloc           0%         N/A       100%        6

Inventory:

Hand Weapons
 a - a +2 dagger (weapon) {short}
Missiles
 d - 9 poisoned darts (quivered) {throwing}
 e - 3 curare-tipped darts {=fthrowing}
 i - 12 stones {throwing}
Armour
 b - a +0 robe (worn)
 c - a +0 cloak (worn)
 h - a +0 pair of boots (worn)
   (You found it on level 1 of the Dungeon)
 r - a +0 ring mail
   (You found it on level 2 of the Dungeon)
Magical Staves
 t - a staff of air {!astaff}
   (You found it on level 2 of the Dungeon)
Jewellery
 j - a ring of protection from fire (left hand)
   (You found it on level 1 of the Dungeon)
Scrolls
 f - a scroll of immolation {unknown}
 k - a scroll of poison {unknown}
 l - a scroll of noise {unknown}
 n - 2 scrolls of summoning {unknown}
 o - 2 scrolls of teleportation {unknown}
 q - 2 scrolls of identify {unknown}
 s - a scroll of magic mapping {unknown}
Potions
 g - 2 potions of curing {unknown}
 m - a potion of lignification {unknown}
 p - a potion of might {unknown}

Dungeon Overview and Level Annotations

Branches:
Dungeon (3/15) Zot: 16867

Altars:
Ashenzari
Elyvilon
Gozag
Vehumet

Shops:
D:1 *

Annotations:
D:2 passwall vault, Terence

....###.# )#### #.##
.# #..### .#
#####...# .#
####...###.####.#
...'...+......#.##.#
####...####.#.#.##.#
#.............#.###.
###.####...#.@#.....
#.# ##..#..@.....
#.# #...#.####.. #.#
#.#.#.# #.# #.#...#
#.# #.###.# #.# #.
#>.. ######.# #.###
.. .......# ... ##


You could see Terence.


Message History

You now have 38 gold pieces (gained 6).
You see here a +0 glaive {polearm}.
A worm comes into view.
Danger!
A frilled lizard comes into view.
The helpless worm fails to defend itself.
You impale the worm!!
You kill the worm!
You hit the frilled lizard.
You kill the frilled lizard!
No target in view!
No target in view!
You now have 47 gold pieces (gained 9).
Found a stone staircase leading down.
Unknown command.
s - a scroll labelled ZUEBEO TIFOHE An adder comes into view.
Danger!
Unknown command.
The helpless adder fails to defend itself.
You impale the adder!!
You kill the adder!
Unknown command.
A ball python comes into view.
Danger!
The helpless ball python fails to defend itself.
You stick the ball python like a pincushion!!!
You kill the ball python!
Unknown command.
You see here a ball python corpse.
You now have enough gold to buy a +0 rapier on D:1.
You can access your shopping list by pressing '$'.
You now have 60 gold pieces (gained 13).
Unknown command.
Found a stone staircase leading up.
Unknown command.
Unknown command.
There is a stone staircase leading up here.
You climb upwards.
Level annotation: passwall vault
There is a stone staircase leading down here.
Unknown command.
Unknown command.
Unknown command.
t - a staff of air {!astaff} Unknown command.
A goblin comes into view. It is wielding a +0 club.
The goblin shouts!
Danger!
You closely miss the goblin. You completely miss the goblin.
The goblin hits you but does no damage.
You barely miss the goblin. The goblin misses you.
You hit the goblin. The goblin barely misses you.
You hit the goblin.
You kill the goblin!
No target in view!
No target in view!
Things that are here:
a +0 club {mace}; a goblin corpse You now have 67 gold pieces (gained 7).
You pick up a There-And-Back Book and begin reading...
You add the spells Gell's Gravitas, Teleport Other and Dispersal to your library.
Things that are here:
a +0 club {mace}; a goblin corpse A bat comes into view.
Danger!
The helpless bat fails to defend itself.
You stick the bat like a pincushion!!!
You kill the bat!
No target in view!
Unknown command.
q - 2 scrolls labelled NAINNYBBIUSM (gained 1)
You open the door.
There is an open door here.
You open the door.
There is an open door here.
You open the door.
There is an open door here.
You now have 76 gold pieces (gained 9).
You now have 79 gold pieces (gained 3).
Found a stone staircase leading down.
Unknown command.
Terence the Incautious comes into view.
He is wielding a +0 short sword and carrying a wand of light (11).
Danger!
Unknown command.
Terence closely misses you.
Unknown command.
You hit Terence. You barely miss Terence. Terence hits you but does no damage.
Unknown command.
You closely miss Terence. Terence barely misses you.
You hit Terence but do no damage. Terence closely misses you.
You hit Terence but do no damage.
Terence zaps a wand.
The bolt of light misses you.
You closely miss Terence.
Terence zaps a wand.
The bolt of light hits you!!
Ouch! That really hurt!
You die...

Skill      XL: |  1  2 |
---------------+-------+-----
Short Blades   | 3 |  3.6
Dodging        | 2 |  2.4
Fighting       | |  2.1
Throwing       | |  2.1
Stealth        | |  5.9

Action                   || total
-------------------------++-------
Melee: Dagger            ||    47
 Stab: Sleeping          ||    14
Armor: Robe              ||     6
Dodge: Dodged            ||    12

Levels and vault maps discovered:
D:1:      dpeg_arrival_renting, layout_basic, serial_shops,
          nicolae_shop_statue_plus, ebering_ecumenical_altar_abandoned
D:2:      layout_basic, minmay_tree_intersection, due_unseen_surprise,
          uniq_terence
D:3:      layout_basic, chequers_temple_overflow_statue_of_worship

Notes
Turn   | Place    | Note
-------+----------+-------------------------------------------
     0 | D:1      | Sobieck the Kobold Brigand began the quest for the Orb.
     0 | D:1      | Reached XP level 1. HP: 12/12 MP: 1/1
   129 | D:1      | Found Lules's General Store.
   292 | D:1      | Reached skill level 3 in Short Blades
   292 | D:1      | Reached XP level 2. HP: 17/17 MP: 2/2
   380 | D:1      | Found a faded altar of an unknown god.
   498 | D:1      | Reached skill level 2 in Dodging
   708 | D:2      | You fall into a shaft and drop 1 floor!
   752 | D:3      | Found a white marble altar of Elyvilon.
   754 | D:3      | Reached XP level 3. HP: 21/21 MP: 3/3
   754 | D:3      | Found a broken altar of Ashenzari.
   754 | D:3      | Found an opulent altar of Gozag.
   755 | D:3      | Found a radiant altar of Vehumet.
   985 | D:2      | You add the spells Gell's Gravitas, Teleport Other and
                  | Dispersal to your library.
  1130 | D:2      | Noticed Terence
  1140 | D:2      | Killed from afar by Terence

Vanquished Creatures
  An adder (D:3)
  A worm (D:3)
  2 bats
  2 endoplasms (D:1)
  3 hobgoblins (D:1)
  3 kobolds
  3 ball pythons
  A frilled lizard (D:3)
  5 goblins
  2 rats (D:1)
23 creatures vanquished.

Table legend:
 A = Non-vault XP
 B = Vault XP
 C = Vault XP percentage of total XP
 D = Non-vault monster count
 E = Vault monster count
 F = Vault count percentage of total count
                 A         B        C        D         E       F
            +---------+---------+-------+---------+---------+-------
      Total |      54 |       0 |   0.0 |      23 |       0 |   0.0
            +---------+---------+-------+---------+---------+-------
        D:1 |      23 |       0 |   0.0 |      14 |       0 |   0.0
        D:2 |       6 |       0 |   0.0 |       3 |       0 |   0.0
        D:3 |      25 |       0 |   0.0 |       6 |       0 |   0.0
            +---------+---------+-------+---------+---------+-------

Illustrated notes

Table legend:
 A = Kills in this place as a percentage of kills in entire the game.
 B = Kills by you in this place as a percentage of kills by you in the entire game.
 C = Kills by friends in this place as a percentage of kills by friends in the entire game.
 D = Other kills in this place as a percentage of other kills in the entire game.
 E = Experience gained in this place as a percentage of experience gained in the entire game.
 F = Experience gained in this place divided by the number of levels of this place that you have seen.
                   A       B       C       D       E      F
               +-------+-------+-------+-------+-------+----------------------
         Total | 100.0 | 100.0 |   N/A |   N/A | 100.0 |  18.0
       Dungeon | 100.0 | 100.0 |   N/A |   N/A | 100.0 |  18.0
               +-------+-------+-------+-------+-------+----------------------

Table legend: (Time is in decaauts)
 A = Elapsed time spent in this place.
 B = Non-inter-level travel time spent in this place.
 C = Inter-level travel time spent in this place.
 D = Time resting spent in this place.
 E = Time spent auto-exploring this place.
 F = Levels seen in this place.
 G = Mean time per level.
                   A        B        C        D        E       F      G
               +--------+--------+--------+--------+--------+-----+--------+
         Total |   1131 |   1102 |     29 |     19 |    931 |   3 |  377.0 |
       Dungeon |   1131 |   1102 |     29 |     19 |    931 |   3 |  377.0 |
               +--------+--------+--------+--------+--------+-----+--------+

Top non-repeatable levels by time:
     D:1: 630 daAuts
     D:2: 290 daAuts
     D:3: 210 daAuts
